 Dungeon Crawl Stone Soup version 0.30-a0-1082-g70414cbcbb (webtiles) character file.

Game seed: 17573631439054031575

60 xian the Twirler (level 3, -1/29 HPs)
             Began as a Minotaur Wanderer on Apr 15, 2023.
             Was a Follower of Ru.
             Slain by a gnoll
             ... wielding a +0 whip
              (5 damage)
             ... on level 3 of the Dungeon.
             The game lasted 00:06:33 (2158 turns).

xian the Twirler (Minotaur Wanderer)                Turns: 2158, Time: 00:06:34

Health: -1/29      AC:  5    Str: 16    XL:     3   Next: 82%
Magic:  4/4        EV: 10    Int:  7    God:    Ru [*.....]
Gold:   127        SH:  0    Dex: 13    Spells: 4/4 levels left

rFire   . . .      SeeInvis .    t - +4 war axe
rCold   . . .      Faith    .    (no shield)
rNeg    . . .      Spirit   .    c - +0 ring mail
rPois   .          Reflect  .    (helmet restricted)
rElec   .          Rampage  .    (no cloak)
rCorr   +                        (no gloves)
Will    .....                    (no boots)
Stlth   +                        (no amulet)
HPRegen 0.24/turn                i - ring of resist corrosion
MPRegen 0.09/turn                (no ring)

@: no status effects
A: horns 2, no earth magic, no hexes magic, no necromancy magic, retaliatory
headbutt
a: Renounce Religion


You were on level 3 of the Dungeon.
You worshipped Ru.
Ru was aware of your devotion.
You visited 1 branch of the dungeon, and saw 3 of its levels.

You collected 127 gold pieces.

Inventory:

Hand Weapons
 t - a +4 war axe (weapon)
Missiles
 f - 20 stones (quivered)
Armour
 c - a +0 ring mail (worn)
Jewellery
 i - a ring of resist corrosion (left hand)
Wands
 b - a wand of paralysis (17)
Scrolls
 d - a scroll of blinking
 e - a scroll of poison {unknown}
 g - 2 scrolls of enchant armour {unknown}
 n - a scroll of torment {unknown}
 o - 2 scrolls of identify {unknown}
 s - a scroll of magic mapping {unknown}
Potions
 h - a potion of ambrosia {unknown}
 j - 2 potions of heal wounds {unknown}
 k - a potion of invisibility {unknown}
 l - a potion of might {unknown}
 m - a potion of mutation {unknown}
 p - a potion of degeneration {unknown}
 q - a potion of magic {unknown}
 r - a potion of flight {unknown}


   Skills:
 - Level 1.9 Fighting
 - Level 4.7 Staves
 - Level 1.0 Throwing
 - Level 2.1 Armour
 - Level 1.1 Stealth
 + Level 1.3 Spellcasting
 - Level 1.9 Evocations


You had 4 spell levels left.
You didn't know any spells.
Your spell library contained the following spells:

 Spells                   Type           Power      Damage    Failure   Level
 Kiss of Death            Conj/Necr      Unusable   2d5       N/A         1
 Confusing Touch          Hex            Unusable   N/A       N/A         3
 Dispel Undead            Necr           Unusable   3d6       N/A         4

Dungeon Overview and Level Annotations

Branches:
Dungeon (3/15)

Altars:
Cheibriados
Ru


Innate Abilities, Weirdness & Mutations

You have a pair of horns on your head.
You cannot study or cast Earth magic.
You cannot study or cast Hexes magic.
You cannot study or cast Necromancy magic.
You reflexively headbutt those who attack you in melee.


Message History

You barely miss the gnoll. The gnoll hits you with a +0 flail!
You slash the gnoll!
You kill the gnoll!
A gnoll comes into view. It is wielding a +0 club.
The gnoll hits the bush with a +0 club.
You hear an angry hiss.
You hear a shout!
You hear an angry hiss.
Things that are here:
a +0 flail; a scroll labelled JEFURASURA The gnoll closely misses you.
You slash the gnoll!
The gnoll is severely wounded.
You hit the bush but do no damage. You hit the bush.
The gnoll hits you but does no damage.
You closely miss the gnoll.
The gnoll is severely wounded.
You hit the bush. You hit the bush but do no damage.
The gnoll hits you with a +0 club.
A ball python comes into view.
The gnoll barely misses you.
A gnoll comes into view. It is wielding a +0 whip.
Things that are here:
a +0 flail; a scroll labelled JEFURASURA The gnoll attacks as you move away!
The gnoll barely misses you. The gnoll attacks as you move away!
The gnoll hits you with a +0 club. The ball python closely misses you.
The ball python grabs you. The ball python constricts you.
You escape the ball python's grasp.
The gnoll attacks as you move away! The gnoll hits you with a +0 club.
* * * LOW HITPOINT WARNING * * *
The ball python barely misses you. The ball python closely misses you.
The ball python attacks as you move away!
The ball python closely misses you. x2
You hit the ball python.
You kill the ball python!
The gnoll hits you with a +0 whip.
* * * LOW HITPOINT WARNING * * *
You barely miss the gnoll. The gnoll misses you. You furiously retaliate!
You headbutt the gnoll! The gnoll hits you with a +0 whip.
You die...

######## #gg@...#
#####.####.# #
###.....#...)#
≈~..♣♣♣P)~~#..#.####
P..P..P~~##.#.#.<#
P♣♣.♣♣...##.#.#..#
♣P ♣♣.P...#.#..# P
♣.♣#..#.##.# .P♣
#.#....#


You could see 2 gnolls.

Vanquished Creatures
  A gnoll (D:3)
  A dart slug (D:1)
  4 bats
  An endoplasm (D:1)
  3 giant cockroaches
  5 hobgoblins
  3 jackals (D:2)
  6 quokkas
  4 ball pythons
  5 frilled lizards
  5 goblins
  2 kobolds (D:1)
  3 rats
43 creatures vanquished.

Vanquished Creatures (others)
  3 fungi (D:1)
  A plant (D:1)
4 creatures vanquished.

Grand Total: 47 creatures vanquished

Notes
Turn   | Place    | Note
-------+----------+-------------------------------------------
     0 | D:1      | xian the Minotaur Wanderer began the quest for the Orb.
     0 | D:1      | xian set off with the following items: a +0 quarterstaff, a
                  | wand of paralysis (17), a +0 ring mail, a scroll of
                  | blinking.
     0 | D:1      | Reached XP level 1. HP: 16/16 MP: 1/1
   132 | D:1      | Reached skill level 4 in Staves
   233 | D:1      | Reached XP level 2. HP: 23/23 MP: 2/2
   252 | D:1      | Found a faded altar of an unknown god.
   265 | D:1      | Prayed at the altar of an unknown god.
   265 | D:1      | Became a worshipper of Ru the Awakened
   298 | D:1      | Gained mutation: You cannot study or cast Earth magic. [Ru
                  | sacrifice]
   298 | D:1      | Gained mutation: You cannot study or cast Hexes magic. [Ru
                  | sacrifice]
   298 | D:1      | Gained mutation: You cannot study or cast Necromancy magic.
                  | [Ru sacrifice]
   298 | D:1      | Reached * piety under Ru
  1145 | D:2      | Reached XP level 3. HP: 28/28 MP: 3/3
  1424 | D:2      | Found a snail-covered altar of Cheibriados.
  2158 | D:3      | Slain by a gnoll

Illustrated notes

Levels and vault maps discovered:
D:1:      evilmike_arrival_rings, layout_basic,
          shapermc_ecumenical_altar_acropolis, chequers_serial_rivers_small_3,
          minmay_misc_feat_tower, minmay_tetromino_i4
D:2:      layout_loops_cross, basic_altar
D:3:      layout_basic, nicolae_elyvilon_peaceful_grove

Skill      XL: |  1  2  3 |
---------------+----------+-----
Staves         | 4 |  4.7
Armour         | 2 |  2.1
Fighting       | |  1.9
Throwing       | |  1.0
Stealth        | |  1.1
Spellcasting   | |  1.3
Evocations     | |  1.9

Action                     || total
---------------------------++-------
  Melee: Quarterstaff      ||    80
         Headbutt          ||    15
         War axe           ||     8
  Throw: Stone             ||     2
 Invoke: Sacrifice Arcana  ||     1
 Armour: Ring mail         ||    29
  Dodge: Dodged            ||    51

Table legend: (Time is in decaauts)
 A = Elapsed time spent in this place.
 B = Non-inter-level travel time spent in this place.
 C = Inter-level travel time spent in this place.
 D = Time resting spent in this place.
 E = Time spent auto-exploring this place.
 F = Levels seen in this place.
 G = Mean time per level.
                   A        B        C        D        E       F      G
               +--------+--------+--------+--------+--------+-----+--------+
         Total |   2169 |   1968 |    201 |    100 |   1366 |   3 |  723.0 |
       Dungeon |   2169 |   1968 |    201 |    100 |   1366 |   3 |  723.0 |
               +--------+--------+--------+--------+--------+-----+--------+

Top non-repeatable levels by time:
     D:1: 1139 daAuts
     D:2: 983 daAuts
     D:3: 47 daAuts
